 Dungeon Crawl Stone Soup version 0.28.0-47-ge53b351184 (webtiles) character file.

Game seed: 9977687295516956875

217 RatsInWalls the Ogre Mage (level 5, -4/53 HPs)
             Began as an Ogre Fire Elementalist on May 9, 2022.
             Slain by Duvessa
             ... wielding a +0 short sword
              (16 damage)
             ... on level 4 of the Dungeon.
             The game lasted 00:11:54 (3710 turns).

RatsInWalls the Ogre Mage (Ogre Fire Elementalist)  Turns: 3710, Time: 00:11:54

Health: -4/53      AC:  3    Str: 12    XL:     5   Next: 94%
Magic:  0/11       EV: 10    Int: 18    God:
Gold:   223        SH:  0    Dex:  9    Spells: 9/12 levels left

rFire   . . .      SeeInvis .   d - +0 club
rCold   . . .      Faith    .   (no shield)
rNeg    . . .      Spirit   .   a - +0 robe
rPois   .          Reflect  .   (helmet restricted)
rElec   .          Harm     .   (no cloak)
rCorr   .          Rampage  .   (gloves unavailable)
Will    .....                   (boots unavailable)
Stlth   +.........              (no amulet)
HPRegen 0.17/turn               (no ring)
MPRegen 0.12/turn               (no ring)

@: very slightly contaminated
A: large, unfitting armour, tough skin 1
a: no special abilities


You were on level 4 of the Dungeon.
You visited 1 branch of the dungeon, and saw 4 of its levels.

You collected 223 gold pieces.

Inventory:

Hand Weapons
 d - a +0 club (weapon)
Armour
 a - a +0 robe (worn)
Jewellery
 o - a ring of resist corrosion
Scrolls
 b - a scroll of amnesia {unknown}
 e - a scroll of enchant weapon {unknown}
 j - 5 scrolls of identify {unknown}
 l - a scroll of fear {unknown}
 m - a scroll of acquirement {unknown}
Potions
 c - a potion of ambrosia {unknown}
 g - 2 potions of mutation {unknown}
 h - a potion of lignification {unknown}
 n - a potion of flight {unknown}


   Skills:
 + Level 3.1 Fighting
 + Level 2.8 Dodging
 - Level 1.4 Stealth
 * Level 4.2 Spellcasting
 - Level 1.1 Conjurations
 + Level 3.6 Fire Magic


You had 9 spell levels left.
You knew the following spells:

 Your Spells              Type           Power      Damage    Failure   Level
a - Foxfire               Conj/Fire      48%        2x1d6     5%          1
b - Scorch                Fire           32%        2d7       4%          2

Your spell library contained the following spells:

 Spells                   Type           Power      Damage    Failure   Level
 Conjure Flame            Conj/Fire      12%        6-21      16%         3
 Inner Flame              Hex/Fire       10%        N/A       21%         3
 Ozocubu's Armour         Ice            3%         N/A       41%         3
 Flame Wave               Conj/Fire      12%        2d6       47%         4
 Cause Fear               Hex            1%         N/A       82%         4
 Ozocubu's Refrigeration  Ice            1%         4d5       100%        7
 Discord                  Hex            1%         N/A       100%        8


Dungeon Overview and Level Annotations

Branches:
Dungeon (4/15)
 Temple: D:4-7

Altars:
Gozag
Wu Jian
Zin

Annotations:
D:3 1 transporter, Holdthepickle's ghost, amateur TrWr
D:4 Duvessa


Innate Abilities, Weirdness & Mutations

You are too large for most types of armour.
You have tough skin. (AC +1)


Message History

Okay, then.
It was a potion of curing.
You feel better. Duvessa barely misses you.
Casting: Scorch (safe; 4% risk of failure)
Confirm with . or Enter, or press ? or * to list all spells.
Flames lash Duvessa.
Duvessa is burned terribly!
Duvessa is severely wounded.
Duvessa closely misses you. Duvessa hits you with a +0 short sword.
Unknown command.
Casting: Scorch (safe; 4% risk of failure)
Confirm with . or Enter, or press ? or * to list all spells.
Flames lash Duvessa.
Duvessa is burned terribly!
Duvessa is almost dead.
Duvessa hits you with a +0 short sword!
* * * LOW HITPOINT WARNING * * *
Unknown command.
You feel better. Duvessa hits you with a +0 short sword!
* * * LOW HITPOINT WARNING * * *
Duvessa barely misses you.
You feel better. Duvessa hits you with a +0 short sword!
* * * LOW HITPOINT WARNING * * *
You feel better. Duvessa hits you with a +0 short sword!
* * * LOW HITPOINT WARNING * * *
Duvessa barely misses you.
Duvessa rages.
Duvessa hits you with a +0 short sword.
* * * LOW HITPOINT WARNING * * *
It was a potion of heal wounds.
You feel much better. Duvessa hits you with a +0 short sword!
Duvessa barely misses you. Duvessa hits you with a +0 short sword.
* * * LOW HITPOINT WARNING * * *
You are too injured to fight recklessly!
Casting: Scorch (safe; 4% risk of failure)
Confirm with . or Enter, or press ? or * to list all spells.
You miscast Foxfire.
You are very lightly contaminated with residual magic.
Nothing appears to happen.
Duvessa hits you with a +0 short sword.
* * * LOW HITPOINT WARNING * * *
Unknown command.
Duvessa hits you with a +0 short sword!
You die...

#........ #.§§....e ..#..#.. .##
.# # #<...)...
#...>..##..###.#### # #........#
#....#.##.......... #
#........###.#.....#.......... #
#.........##...#..............
###................#.............
).).>............................
...............e@...†............
..........$.........#............
##.#...............##......<.....
# ....####.........##............
# ###... ##.#..###..###.....#####
# ........[..............#
####.........#####...#...
#.......... #...###.# #.........#
##..# .#


You could see Duvessa (berserk, combustible).

Vanquished Creatures
  Dowan (D:4)
  An iguana (D:4)
  A howler monkey skeleton (D:4)
  5 adders
  6 dart slugs
  2 orcs (D:3)
  7 bats
  5 endoplasms
  2 giant cockroaches
  5 goblins
  8 hobgoblins
  3 jackals (D:2)
  5 kobolds
  2 quokkas (D:3)
  11 ball pythons
  3 frilled lizards (D:2)
  3 rats
70 creatures vanquished.

Vanquished Creatures (others)
  134 foxfires
134 creatures vanquished.

Grand Total: 204 creatures vanquished

Notes
Turn   | Place    | Note
-------+----------+-------------------------------------------
     0 | D:1      | RatsInWalls the Ogre Fire Elementalist began the quest for
                  | the Orb.
     0 | D:1      | Reached XP level 1. HP: 16/16 MP: 3/3
    86 | D:1      | Reached skill level 1 in Conjurations
   277 | D:1      | Reached XP level 2. HP: 26/26 MP: 2/5
   358 | D:1      | Found a faded altar of an unknown god.
   426 | D:1      | Reached skill level 1 in Fighting
   883 | D:2      | Reached XP level 3. HP: 21/33 MP: 1/7
  1031 | D:2      | Learned a level 2 spell: Scorch
  1159 | D:2      | Reached skill level 3 in Spellcasting
  1808 | D:2      | Reached XP level 4. HP: 41/42 MP: 4/8
  2631 | D:3      | Noticed Holdthepickle's ghost (amateur TrWr)
  2632 | D:3      | Found a transporter.
  2632 | D:3      | Identified the +10 dire flail "Dumyust" {drain, rN+ Will+
                  | Str-5}
  2632 | D:3      | Noticed an ogre
  2632 | D:3      | Noticed an ogre
  3059 | D:3      | Reached XP level 5. HP: 50/50 MP: 4/10
  3155 | D:3      | Found an opulent altar of Gozag.
  3156 | D:3      | Found a glowing silver altar of Zin.
  3185 | D:3      | Found an ornate altar of the Wu Jian Council.
  3233 | D:4      | Noticed Duvessa
  3238 | D:4      | Noticed Dowan
  3463 | D:4      | Killed Dowan
  3464 | D:4      | Reached skill level 4 in Spellcasting
  3710 | D:4      | Slain by Duvessa

Illustrated notes

Levels and vault maps discovered:
D:1:      saegor_arrival_under_anarchy, layout_basic,
          shapermc_ecumenical_altar_venn
D:2:      layout_loops_corners, minivault_11
D:3:      layout_rooms, grunt_temple_overflow_gold_and_silver,
          mainiacjoe_overflow_alcove_1, gammafunk_ghost_smash
D:4:      layout_rooms, minmay_temple_entry_mist, uniq_duvessa

Skill      XL: |  1  2  3  4  5 |
---------------+----------------+-----
Conjurations   | 1 |  1.1
Dodging        | 2 |  2.8
Fighting       | 1 2 3 |  3.1
Fire Magic     | 3 |  3.6
Spellcasting   | 3 4 |  4.2
Stealth        | |  1.4

Action                   |  1- 3 |  4- 6 || total
-------------------------+-------+-------++-------
Melee: Club              |    11 |    14 ||    25
 Cast: Foxfire           |    42 |    41 ||    83
       Scorch            |     6 |    37 ||    43
  Use: Potion            |       |     5 ||     5
       Scroll            |       |     1 ||     1
Armor: Robe              |    11 |    12 ||    23
Dodge: Dodged            |    32 |    24 ||    56
